 Dungeon Crawl Stone Soup version 0.23.0 (webtiles) character file.

Game seed: 2581699263497348593

243 tidbits the Charmwright (level 6, 33/50 HPs)
             Began as a Gnoll Skald on Feb 14, 2019.
             Quit the game on level 5 of the Dungeon.
             The game lasted 00:06:58 (646 turns).

tidbits the Charmwright (Gnoll Skald)                Turns: 646, Time: 00:07:00

Health: 33/50      AC:  6    Str: 14    XL:     6   Next: 9%
Magic:  12/13      EV: 14    Int: 17    God:
Gold:   62         SH:  0    Dex: 14    Spells: 4/15 levels left

rFire    . . .     SeeInvis .   a - +0 spear
rCold    . . .     Gourm    .   (no shield)
rNeg     . . .     Faith    .   b - +0 leather armour
rPois    .         Spirit   .   E - +2 helmet
rElec    .         Reflect  .   (no cloak)
rCorr    .         Harm     .   (no gloves)
MR       .....                  (no boots)
Stlth    ++........             (no amulet)
HPRegen  0.16/turn              (no ring)
MPRegen  0.13/turn              (no ring)

@: no status effects
A: distributed training, fangs 1, strong nose
a: no special abilities


You were on level 5 of the Dungeon.
You were hungry.

You visited 1 branch of the dungeon, and saw 5 of its levels.

You collected 62 gold pieces.

Inventory:

Hand Weapons
 a - a +0 spear (weapon)
 c - a +0 dagger
 k - a +0 hunting sling
Missiles
 l - 40 stones
 q - 29 sling bullets
 r - 2 javelins (quivered)
 t - 6 curare-tipped needles
 v - 32 arrows
Armour
 b - a +0 leather armour (worn)
 E - a +2 helmet (worn)
Scrolls
 e - a scroll of remove curse {unknown}
 g - 4 scrolls of teleportation {unknown}
 h - a scroll of random uselessness {unknown}
 j - a scroll of enchant armour {unknown}
 m - a scroll of blinking {unknown}
 n - a scroll of identify {unknown}
 s - a scroll of enchant weapon {unknown}
 u - a scroll of immolation {unknown}
Potions
 f - 2 potions of haste {unknown}
 i - a potion of might {unknown}
 o - a potion of curing {unknown}
 p - a potion of berserk rage {unknown}
Comestibles
 d - a ration


   Skills:
 + Level 4.9 Fighting
 + Level 1.7 Short Blades
 + Level 1.7 Long Blades
 + Level 1.7 Axes
 + Level 1.7 Maces & Flails
 + Level 4.9 Polearms
 + Level 1.7 Staves
 + Level 1.7 Slings
 + Level 1.7 Bows
 + Level 1.7 Crossbows
 + Level 1.7 Throwing
 + Level 3.1 Armour
 + Level 4.9 Dodging
 + Level 1.7 Stealth
 + Level 1.7 Shields
 + Level 1.7 Unarmed Combat
 + Level 5.3 Spellcasting
 + Level 1.3 Conjurations
 + Level 1.3 Hexes
 + Level 5.6 Charms
 + Level 1.3 Summonings
 + Level 1.3 Necromancy
 + Level 1.3 Translocations
 + Level 1.3 Transmutations
 + Level 1.3 Fire Magic
 + Level 1.3 Ice Magic
 + Level 1.3 Air Magic
 + Level 1.3 Earth Magic
 + Level 1.3 Poison Magic
 + Level 2.0 Invocations
 + Level 1.7 Evocations


You had 4 spell levels left.
You knew the following spells:

 Your Spells              Type           Power        Failure   Level  Hunger
g - Shroud of Golubria    Chrm/Tloc      ###.......   6%          2    #......
i - Infusion              Chrm           ###.         1%          1    None
r - Regeneration          Chrm/Necr      ###.......   12%         3    ##.....
w - Spectral Weapon       Hex/Chrm       ###.....     12%         3    ##.....
y - Song of Slaying       Chrm           ###.....     2%          2    #......

Your spell library contained the following spells:

 Spells                   Type           Power        Failure   Level  Hunger


Dungeon Overview and Level Annotations

Branches:
Dungeon (5/15)
 Temple: D:4-7

Altars:
Ashenzari
Gozag
Qazlal
Ru
Uskayaw
Xom


Innate Abilities, Weirdness & Mutations

Your experience applies equally to all skills.
You have very sharp teeth.
Your uncanny sense of smell can sniff out nearby items.


Message History

Unknown command.
Unknown command.
Unknown command.
Unknown command.
Unknown command.
Unknown command.
Unknown command.
You see here 18 arrows.
v - 32 arrows (gained 18)
Casting: Spectral Weapon (safe; 14% risk of failure)
Confirm with . or Enter, or press ? or * to list all spells.
You draw out your weapon's spirit!
Attack whom?
Press: ? - help, Dir - move target cursor, f - ice beast
Aim: an ice beast You reach to attack!
You hit the ice beast but do no damage.
Your spectral weapon hits the ice beast but does no damage.
You hit the ice beast but do no damage.
Your spectral weapon hits the ice beast.
The ice beast hits you. The ice beast freezes you!
You closely miss the ice beast.
The ice beast is lightly wounded.
You are feeling hungry.
Your spectral weapon barely misses the ice beast.
The ice beast hits you but does no damage.
You barely miss the ice beast. Your bite misses the ice beast.
The ice beast is lightly wounded.
Your spectral weapon hits the ice beast but does no damage.
The ice beast hits you but does no damage.
You hit the ice beast but do no damage.
You bite the ice beast, but do no damage.
The ice beast is lightly wounded.
Your spectral weapon hits the ice beast.
The ice beast barely misses you.
You closely miss the ice beast.
You bite the ice beast, but do no damage.
The ice beast is lightly wounded.
Your spectral weapon barely misses the ice beast.
The ice beast hits you. The ice beast freezes you!
You closely miss the ice beast.
The ice beast is lightly wounded.
Your spectral weapon hits the ice beast.
A leopard gecko comes into view.
The ice beast hits you but does no damage.
You hit the ice beast but do no damage.
The ice beast is moderately wounded.
Your spectral weapon hits the ice beast.
You hit the ice beast.
You bite the ice beast, but do no damage.
The ice beast is severely wounded.
Your spectral weapon hits the ice beast but does no damage.
The ice beast hits you but does no damage.
You barely miss the ice beast.
The ice beast is severely wounded.
Your spectral weapon misses the ice beast.
The ice beast closely misses you.
You hit the ice beast but do no damage.
The ice beast is severely wounded.
Your spectral weapon hits the ice beast.
The ice beast hits you but does no damage.
You hit the ice beast but do no damage.
The ice beast is severely wounded.
Your spectral weapon hits the ice beast but does no damage.
The ice beast completely misses you.
You hit the ice beast.
The ice beast is almost dead.
Your spectral weapon barely misses the ice beast.
The leopard gecko bites your spectral weapon.
The ice beast closely misses you.
You hit the ice beast.
You kill the ice beast!
Your Armour skill increases to level 3!
Your Invocations skill increases to level 2!
You have reached level 6!
Your experience leads to an increase in your attributes!
Increase (S)trength, (I)ntelligence, or (D)exterity?
You feel clever.
Your spectral weapon fades away.
You hit the leopard gecko.
You kill the leopard gecko!
You open the door.
Found a sacrificial altar of Ru.
There is an open door here.
Unknown command.
Found a stormy altar of Qazlal and an opulent altar of Gozag.
Found a scale mail.
Found a ration.
Found a shattered altar of Ashenzari and two shimmering altars of Xom.
You stumble into a teleport trap!
You are suddenly yanked towards some nearby monsters!
Your surroundings suddenly seem different.
A shadow imp comes into view.
The shadow imp shouts!
A worker ant comes into view.
The worker ant twitches its antennae in your direction.
The worker ant misses you.
An ice beast comes into view.
Found a pink potion, 17 poisoned needles and a murky orange potion.
Found an escape hatch in the floor.
Are you sure you want to abandon this character and quit the game? (Confirm with "yes".)

#####+## .
#......###>.
#...........
#...........
#...a....5..
#..Y@.......
#..!...###..
#......#
#......#
#(.....#
#.....!#
########


You could see an ice beast, a worker ant and a shadow imp.

Vanquished Creatures
  An ice beast (D:5)
  Jessica (D:2)
  Terence (D:2)
  A hound skeleton (D:2)
  Robin (D:2)
  An adder (D:2)
  An adder skeleton (D:2)
  An adder zombie (D:2)
  A dart slug (D:1)
  2 leopard geckos
  2 bat zombies (D:2)
  3 giant cockroaches
  5 hobgoblins
  A quokka (D:2)
  9 bats
  2 frilled lizards (D:1)
  18 goblins
  5 kobolds
  A quokka zombie (D:2)
  A rat (D:2)
58 creatures vanquished.

Notes
Turn   | Place    | Note
-------+----------+-------------------------------------------
     0 | D:1      | tidbits the Gnoll Skald began the quest for the Orb.
     0 | D:1      | Reached XP level 1. HP: 20/20 MP: 6/6
    13 | D:2      | Noticed Jessica
    30 | D:2      | Killed Jessica
    30 | D:2      | Reached skill level 5 in Spellcasting
    30 | D:2      | Reached XP level 2. HP: 25/26 MP: 1/8
    30 | D:2      | Reached XP level 3. HP: 30/31 MP: 1/9
    34 | D:2      | Learned a level 2 spell: Song of Slaying
    37 | D:2      | Learned a level 2 spell: Shroud of Golubria
    41 | D:2      | Learned a level 3 spell: Regeneration
    45 | D:2      | Learned a level 3 spell: Spectral Weapon
    81 | D:2      | Reached skill level 1 in Invocations
   111 | D:2      | Reached skill level 1 in Short Blades
   111 | D:2      | Reached skill level 1 in Long Blades
   111 | D:2      | Reached skill level 1 in Axes
   111 | D:2      | Reached skill level 1 in Maces & Flails
   111 | D:2      | Reached skill level 1 in Staves
   111 | D:2      | Reached skill level 1 in Slings
   111 | D:2      | Reached skill level 1 in Bows
   111 | D:2      | Reached skill level 1 in Crossbows
   111 | D:2      | Reached skill level 1 in Throwing
   111 | D:2      | Reached skill level 1 in Stealth
   111 | D:2      | Reached skill level 1 in Shields
   111 | D:2      | Reached skill level 1 in Unarmed Combat
   111 | D:2      | Reached skill level 1 in Evocations
   111 | D:2      | Reached XP level 4. HP: 29/38 MP: 1/11
   158 | D:2      | Noticed Robin
   179 | D:2      | Killed Robin
   182 | D:2      | Reached skill level 1 in Conjurations
   182 | D:2      | Reached skill level 1 in Hexes
   182 | D:2      | Reached skill level 1 in Summonings
   182 | D:2      | Reached skill level 1 in Necromancy
   182 | D:2      | Reached skill level 1 in Translocations
   182 | D:2      | Reached skill level 1 in Transmutations
   182 | D:2      | Reached skill level 1 in Fire Magic
   182 | D:2      | Reached skill level 1 in Ice Magic
   182 | D:2      | Reached skill level 1 in Air Magic
   182 | D:2      | Reached skill level 1 in Earth Magic
   182 | D:2      | Reached skill level 1 in Poison Magic
   191 | D:2      | Noticed Terence
   197 | D:2      | Killed Terence
   197 | D:2      | Reached XP level 5. HP: 25/43 MP: 0/12
   540 | D:4      | Found a hide-covered altar of Uskayaw.
   607 | D:5      | Entered Level 5 of the Dungeon
   612 | D:5      | Noticed an ice beast
   631 | D:5      | Killed an ice beast
   631 | D:5      | Reached skill level 3 in Armour
   631 | D:5      | Reached skill level 2 in Invocations
   631 | D:5      | Reached XP level 6. HP: 31/50 MP: 10/13
   639 | D:5      | Found a sacrificial altar of Ru.
   641 | D:5      | Found a stormy altar of Qazlal.
   641 | D:5      | Found an opulent altar of Gozag.
   643 | D:5      | Found a shattered altar of Ashenzari.
   643 | D:5      | Found a shimmering altar of Xom.
   643 | D:5      | Found a shimmering altar of Xom.
   645 | D:5      | Noticed an ice beast
   646 | D:5      | Quit the game

Skill      XL: |  1  2  3  4  5 |
---------------+----------------+-----
Spellcasting   | 5 |  5.3
Invocations    | 1 2 |  2.0
Short Blades   | 1 |  1.7
Long Blades    | 1 |  1.7
Axes           | 1 |  1.7
Maces & Flails | 1 |  1.7
Staves         | 1 |  1.7
Slings         | 1 |  1.7
Bows           | 1 |  1.7
Crossbows      | 1 |  1.7
Throwing       | 1 |  1.7
Stealth        | 1 |  1.7
Shields        | 1 |  1.7
Unarmed Combat | 1 |  1.7
Evocations     | 1 |  1.7
Conjurations   | 1 |  1.3
Hexes          | 1 |  1.3
Summonings     | 1 |  1.3
Necromancy     | 1 |  1.3
Translocations | 1 |  1.3
Transmutations | 1 |  1.3
Fire Magic     | 1 |  1.3
Ice Magic      | 1 |  1.3
Air Magic      | 1 |  1.3
Earth Magic    | 1 |  1.3
Poison Magic   | 1 |  1.3
Armour         | 3 |  3.1
Fighting       | |  4.9
Polearms       | |  4.9
Dodging        | |  4.9
Charms         | |  5.6

Action                   |  1- 3 |  4- 6 || total
-------------------------+-------+-------++-------
Melee: Spear             |    38 |   103 ||   141
       Bite              |     2 |    15 ||    17
 Cast: Infusion          |     1 |       ||     1
       Spectral Weapon   |     2 |    11 ||    13
       Song of Slaying   |       |     3 ||     3
       Regeneration      |       |     1 ||     1
 Stab: Distracted        |       |     1 ||     1
       Sleeping          |       |     1 ||     1
Armor: Leather armour    |     7 |    17 ||    24
Dodge: Dodged            |    21 |    61 ||    82

Table legend:
 A = Turns spent in this place as a percentage of turns spent in the entire game.
 B = Non-inter-level travel turns spent in this place as a percentage of non-inter-level travel turns spent in the entire game.
 C = Inter-level travel turns spent in this place as a percentage of turns spent in this place.
 D = Turns resting spent in this place as a percentage of non-inter-level travel turns spent in this place.
 E = Turns spent auto-exploring this place as a percentage of non-inter-level travel turns spent in this place.
 F = Non-inter-level travel turns spent in this place divided by the number of levels of this place that you've seen.
                   A       B       C       D       E      F
               +-------+-------+-------+-------+-------+----------------------
         Total | 100.0 | 100.0 |   0.0 |   0.0 |   0.0 | 129.2
       Dungeon | 100.0 | 100.0 |   0.0 |   0.0 |   0.0 | 129.2
               +-------+-------+-------+-------+-------+----------------------

Table legend:
 A = Kills in this place as a percentage of kills in entire the game.
 B = Kills by you in this place as a percentage of kills by you in the entire game.
 C = Kills by friends in this place as a percentage of kills by friends in the entire game.
 D = Other kills in this place as a percentage of other kills in the entire game.
 E = Experience gained in this place as a percentage of experience gained in the entire game.
 F = Experience gained in this place divided by the number of levels of this place that you have seen.
                   A       B       C       D       E      F
               +-------+-------+-------+-------+-------+----------------------
         Total | 100.0 | 100.0 |   N/A |   N/A | 100.0 |  69.6
       Dungeon | 100.0 | 100.0 |   N/A |   N/A | 100.0 |  69.6
               +-------+-------+-------+-------+-------+----------------------

Levels and vault maps discovered:
D:1:      dpeg_arrival_connections, layout_basic
D:2:      layout_rooms, serial_undead, serial_undead_f, serial_undead_a,
          serial_undead_c, serial_undead_d, serial_undead_e, uniq_jessica,
          uniq_terence, uniq_robin
D:3:      wander_river, layout_basic, lemuel_doored_altar
D:4:      layout_loops_corners, old_standard_altar,
          minmay_misc_feat_more_columns
D:5:      layout_basic, doesnt_xom_only_xom, kennysheep_mini_moat,
          nicolae_overflow_hidden_temple, lemuel_temple_firewalk_b, first_ration
